Winsalot, neutral male human Tourist -------- -------- |......+ ##.......| |......| # |......| |......+# ### |.....^| -|---.--# # |......| # # # # # ------.- --------|- # ### # # ### |......... # ###r@####### ----- # # |........| ### # ----.-- |...|` # ### |..>......# # # |.....-#####|...|### # # |........|# ### # |.....| #|...-# # # -|---- |........|# # # |......#####-----# ########### |....| ----------# # ##......| #`##########-----# |====| ### --.--- |......################....+# |o==.| # |....| ------- ### |.<.| ------ ##-....-#####` # |...| |....| ##....| ------ ----- Winsalot the Rambler Experience level: 2 Strength: 11 Dexterity: 13 Constitution: 17 Intelligence: 11 Wisdom: 9 Charisma: 12 Health: 0(22) Energy: 3(3) Def: 7 Gold: 488 Moves: 1727 Dungeon seed: rbFdfKrX2Y4WKVLu Game ID: Winsalot_1609500079 Your Inventory: Coins $ - 488 gold pieces Weapons a - 28 uncursed +2 darts (in quiver) z - 5 cursed +0 darts C - an uncursed +0 orcish dagger (weapon in hand) Armor e - an uncursed +0 Hawaiian shirt (being worn) y - an uncursed +0 bronze plate mail (being worn) N - an uncursed +0 orcish helm (being worn) Comestibles b - 6 uncursed food rations c - an uncursed clove of garlic d - 3 uncursed eggs f - an uncursed cram ration g - an uncursed tripe ration h - an uncursed tin of newt meat r - 2 uncursed lichen corpses u - 2 uncursed tins of kobold meat Scrolls k - 4 uncursed scrolls of magic mapping B - an uncursed scroll of light E - an uncursed scroll of enchant armor Potions i - a blessed potion of extra healing j - an uncursed potion of extra healing s - an uncursed potion of confusion A - an uncursed potion of gain energy Rings w - an uncursed ring of slow digestion (on left hand) Wands v - an uncursed wand of fire (0:3) Tools l - an uncursed credit card m - an uncursed expensive camera (0:52) n - an uncursed leash o - an uncursed magic marker (0:0) p - an uncursed tin opener q - an uncursed towel t - an uncursed tin whistle Spells and supernatural/magical abilities: Name Level Category Cost Memory r - remove curse 3 clerical 3000pw 100% w - wizard lock 2 matter 2000pw 100% W - pray for help -- divine ? -- Your skills at the end: Fighting Skills wands [Basic] Weapon Skills dart [Basic] Spellcasting Skills Final Attributes: You were piously aligned. You had slower digestion. The Lady was noncommittal. You are dead. Vanquished creatures: 2 homunculi an iguana a hobbit a yellow mold a gecko 8 jackals a kobold 3 goblins 3 sewer rats 7 grid bugs 3 lichens a kobold zombie 3 newts 35 creatures vanquished. Voluntary challenges: You were an atheist. You used a wielded weapon 12 times, starting on turn 68. You read items or engraved 14 times, starting on turn 1170. You never genocided any monsters. You never polymorphed an object. You never changed form. You used no wishes. You never split a pudding. You wrote Elbereth's name 1 time, starting on turn 1170. You never violated your personal moral code. Dungeon overview: The Dungeons of Doom: levels 1 to 5 Level 1 some fountains a long staircase Level 2 <- You were here a jewelry store Level 3 an altar to The Lady, a fountain, a vault a long staircase Level 4 some fountains Level 5 a fountain History has recorded: On T:1 you entered the Dungeons of Doom to retrieve the Amulet of Yendor! On T:378 you reached level 2 of The Dungeons of Doom. On T:823 you reached level 3 of The Dungeons of Doom. On T:1108 you advanced to experience level 2. On T:1195 you reached level 4 of The Dungeons of Doom. On T:1541 you reached level 5 of The Dungeons of Doom. Score breakdown: Gold: 134 ( 7246 points) Experience: 2 levels ( 5570 points) Exploration: 5 levels ( 11.11%) ( 9045 points) Discoveries: 10 items ( 3.30%) ( 5450 points) Valuables value: (no points given unless you survive) Artifact value: 0 ( 0 points) Variety of kills: 13 monsters ( 3.42%) ( 5548 points) Turncount: 1727 turns ( 0 points) Survival: died (score multiplied by 80%) Total score: 26287 Latest messages: You kill the gecko! Where do you want to travel to? You displace Doggerino. You stop travelling. Doggerino bites the hobbit. The hobbit wields a runed dagger! Doggerino bites the hobbit. The hobbit is killed! For some reason, the goblin's presence is known to you. You feel aggravated at the goblin. Where do you want to travel to? You stop travelling. You hear the chime of a cash register. This level must be housing a shop. The sewer rat bites! (5x) The sewer rat misses. The sewer rat bites! (3x) The sewer rat just misses! The sewer rat bites! (4x) The sewer rat just misses! The sewer rat misses. The sewer rat bites! (4x) You die... Final status: Aloha Winsalot the Tourist, killed by a sewer rat... You died in The Dungeons of Doom on dungeon level 2 with 26287 points, and 488 pieces of gold, after 1727 moves. You were level 2 with a maximum of 22 hit points when you died.